[Event "42nd WALTON Women-ch Bangladesh 2024"]
[Site "Dhaka"]
[Date "2024.05.23"]
[Round "4.6"]
[White "Jannatul, Ferdous"]
[Black "Warsia, Khusbu"]
[Result "1/2-1/2"]
[ECO "D02"]
[WhiteElo "1990"]
[BlackElo "1905"]
[Annotator "NA RC"]
[PlyCount "111"]
[EventDate "2024.05.20"]
[EventType "tourn"]
[EventCountry "BAN"]
[SourceTitle "playchess.com"]
[Source "ChessBase"]
[SourceQuality "1"]
[TimeControl "40/5400+30:1800+30"]

1. d4 Nf6 2. Bf4 e6 3. e3 c5 4. c3 d5 5. Nf3 Be7 6. Bd3 O-O 7. Nbd2 Nc6 8. Ne5 a6 {[%emt 0:03:36] 8...Nd7 is the modern continuation. D02: 1 d4 d5 2 Nf3 sidelines, including 2...Nf6 3 g3 and 2...Nf6 3 Bf4.} 9. O-O Bd7 10. Bg3 b5 11. dxc5 Bxc5 $146 ({Predecessor:} 11... Nxe5 12. Bxe5 Bxc5 13. Qf3 Bc6 14. Qh3 h6 15. Nf3 Qe7 16. Rad1 Rfc8 17. Bb1 b4 18. cxb4 Bxb4 {½-½ Pilar,M (2216)-Hradecky,I (2102) CZE-chT2C 1415 2014 (7.4)}) 12. Nb3 Bb6 (12... Be7 $11 {feels stronger.}) 13. Nd4 Na5 14. Bh4 Nc4 (14... Bxd4 $142 15. exd4 Nc4 16. Bxf6 gxf6) 15. Bxf6 gxf6 16. Qg4+ Kh8 17. Qh5 f5 18. Nxf7+ Rxf7 19. Qxf7 Ne5 20. Nxe6 Nxf7 21. Nxd8 Rxd8 22. Rfd1 Ne5 23. Bc2 Be6 24. a4 Nc4 25. b3 Nd6 26. axb5 a5 27. Bd3 Rc8 28. Rdc1 Ne4 29. Bxe4 fxe4 30. Kf1 $2 (30. b4 $18 a4 31. Rxa4) 30... Rc5 31. Ra4 Bd7 $1 ({Reject} 31... Rxb5 $6 32. b4 $14) 32. c4 (32. Rd4 $15) 32... Bxb5 33. Raa1 dxc4 34. bxc4 Rxc4 35. Rxc4 Bxc4+ 36. Ke1 Bc5 37. Kd2 Bb4+ 38. Kc2 Kg7 39. f3 Kf6 40. fxe4 Ke5 41. g4 $19 Kxe4 42. h4 Kxe3 43. g5 Be6 44. h5 Kf4 45. g6 hxg6 46. hxg6 Bf5+ 47. Kb3 Bxg6 48. Rg1 Bf7+ 49. Ka4 Be8+ 50. Kb3 Bb5 51. Rh1 Be7 52. Re1 a4+ 53. Kc3 Bd6 54. Re6 Be5+ 55. Rxe5 Kxe5 56. Kb2 1/2-1/2

[Event "42nd WALTON Women-ch Bangladesh 2024"]
[Site "Dhaka"]
[Date "2024.05.24"]
[Round "5.1"]
[White "Warsia, Khusbu"]
[Black "Wadifa, Ahmed"]
[Result "0-1"]
[ECO "B48"]
[WhiteElo "1905"]
[BlackElo "1921"]
[Annotator "RC"]
[PlyCount "58"]
[EventDate "2024.05.20"]
[EventType "tourn"]
[EventCountry "BAN"]
[SourceTitle "playchess.com"]
[Source "ChessBase"]
[SourceQuality "1"]
[TimeControl "40/5400+30:1800+30"]

1. e4 c5 2. Nf3 e6 3. d4 cxd4 4. Nxd4 a6 5. Nc3 b5 6. a3 Bb7 7. Bd3 Nc6 8. Be3 Qc7 9. O-O Nf6 10. Kh1 Nxd4 11. Bxd4 Bc5 12. Bxc5 Qxc5 13. f4 d6 14. Qd2 Ng4 15. Qe2 Ne3 16. Rfe1 Nc4 17. Bxc4 Qxc4 18. Qg4 O-O 19. Re3 f5 20. Qd1 Rad8 21. b3 Qc6 22. Rg3 Rf6 23. exf5 exf5 24. Qd3 Rg6 25. Rg1 Rxg3 26. Qxg3 Rc8 27. Ne2 Qxc2 28. Nd4 Qe4 29. Rd1 Qxd4 0-1

[Event "42nd WALTON Women-ch Bangladesh 2024"]
[Site "Dhaka"]
[Date "2024.05.24"]
[Round "5.2"]
[White "Tabassum Sadia, Shahjahan"]
[Black "Jannatul, Ferdous"]
[Result "1-0"]
[ECO "D35"]
[WhiteElo "1567"]
[BlackElo "1990"]
[Annotator "RC"]
[PlyCount "123"]
[EventDate "2024.05.20"]
[EventType "tourn"]
[EventCountry "BAN"]
[SourceTitle "playchess.com"]
[Source "ChessBase"]
[SourceQuality "1"]
[TimeControl "40/5400+30:1800+30"]

1. d4 d5 2. c4 e6 3. Nc3 Nf6 4. Nf3 c6 5. cxd5 exd5 6. Bg5 Nbd7 7. e3 Be7 8. Bd3 O-O 9. O-O h6 10. Bh4 Ne4 11. Bxe7 Qxe7 12. Qc2 Ndf6 13. Rab1 Bf5 14. b4 Rac8 15. Na4 Nd7 16. Ne1 Bh7 17. Nc5 Ndxc5 18. bxc5 f5 19. Nf3 Qc7 20. Ne5 Rce8 21. f3 Ng5 22. f4 Ne4 23. Bxe4 fxe4 24. Qb2 Rb8 25. Rfc1 Rfe8 26. Qa3 a6 27. Rb6 Rxe5 28. fxe5 Rf8 29. Qb2 Qf7 30. Rxb7 Qe8 31. Qe2 Bf5 32. Rf1 h5 33. Qb2 Kh7 34. Rb6 a5 35. a4 Qg6 36. Rf4 Qh6 37. Qf2 Qe6 38. Qh4 Qh6 39. Qe7 Kg8 40. h4 Qg6 41. Qg5 Qh7 42. Rxc6 g6 43. Rf6 Rxf6 44. Qxf6 Qd7 45. c6 Qc7 46. Qd6 Qb6 47. Qxd5+ Kg7 48. Rf1 Qb2 49. Qxa5 Qb3 50. Re1 Qa3 51. c7 Qe7 52. Qc5 Qxh4 53. Qc3 Qg3 54. Qd2 h4 55. Qf2 Qg4 56. Qf4 Qh5 57. a5 h3 58. Qg3 Bg4 59. gxh3 Bxh3 60. a6 Bd7 61. a7 Qh8 62. Qg5 1-0

[Event "42nd WALTON Women-ch Bangladesh 2024"]
[Site "Dhaka"]
[Date "2024.05.24"]
[Round "5.3"]
[White "Hamid, Rani"]
[Black "Nusrat Jahan, Alo"]
[Result "0-1"]
[ECO "B15"]
[WhiteElo "1863"]
[BlackElo "1850"]
[Annotator "NA RC"]
[PlyCount "52"]
[EventDate "2024.05.20"]
[EventType "tourn"]
[EventCountry "BAN"]
[SourceTitle "playchess.com"]
[Source "ChessBase"]
[SourceQuality "1"]
[TimeControl "40/5400+30:1800+30"]

1. e4 c6 2. d4 d5 3. Nc3 dxe4 4. Nxe4 Nf6 5. Nxf6+ exf6 6. Nf3 Bd6 7. Bd3 O-O 8. O-O Re8 {[%emt 0:01:38] is more profitable than 8...Bg4 at the moment.} 9. c4 {[%emt 0:01:06] B15: Caro-Kann: 3 Nc3: 3...g6 and 3...dxe4 4 Nxe4 Nf6 5 Nxf6+ exf6.} Be6 10. Bd2 Nd7 11. Bc3 $146 ({Predecessor:} 11. h3 Nf8 12. Be3 Qd7 13. Qd2 Bxh3 14. gxh3 Qxh3 15. Qd1 g5 16. Re1 g4 17. Bf1 Qxf3 18. Qxf3 gxf3 {0-1 Gunasekara,A (1079)-Knight,C (1280) Perth op 2023 (7)}) 11... Nf8 12. b4 (12. Qc2 $142) 12... Ng6 13. Re1 Nf4 14. Bf1 Qd7 15. Re3 Rad8 16. Qd2 Ng6 17. Qb2 Bf4 18. Ree1 Bg4 19. Be2 Bb8 20. Qd2 Nf4 21. Bd1 Rxe1+ 22. Nxe1 {[%emt 0:00:35] [#]} Bxd1 $1 23. Rxd1 {[%emt 0:03:34] [#]} Re8 $1 24. Qc2 $19 (24. Kf1 Re2 25. Qxe2 Nxe2 26. Kxe2) 24... Re2 25. Qb3 Qg4 26. Kf1 Rxe1+ 0-1

[Event "42nd WALTON Women-ch Bangladesh 2024"]
[Site "Dhaka"]
[Date "2024.05.24"]
[Round "5.4"]
[White "Neelava, Choudhury"]
[Black "Israt, Jahan Diba"]
[Result "1-0"]
[ECO "B78"]
[WhiteElo "1778"]
[BlackElo "1904"]
[Annotator "RC"]
[PlyCount "91"]
[EventDate "2024.05.20"]
[EventType "tourn"]
[EventCountry "BAN"]
[SourceTitle "playchess.com"]
[Source "ChessBase"]
[SourceQuality "1"]
[TimeControl "40/5400+30:1800+30"]

1. e4 c5 2. Nf3 d6 3. d4 cxd4 4. Nxd4 Nf6 5. Nc3 g6 6. Be3 Bg7 7. f3 O-O 8. Bc4 Nc6 9. Qd2 Bd7 10. O-O-O Rc8 11. Bb3 Nxd4 12. Bxd4 b5 13. Nd5 Nxd5 14. Bxg7 Kxg7 15. exd5 Kg8 16. Rhe1 a5 17. a3 b4 18. axb4 axb4 19. Qxb4 Rb8 20. Qd4 Re8 21. Kd2 Qa5+ 22. Ke2 Rb4 23. Qe3 f5 24. Kf1 f4 25. Qf2 Kf7 26. Kg1 g5 27. Qd2 Qc5+ 28. Kh1 Bf5 29. Ra1 Rg8 30. Ra4 Rxa4 31. Bxa4 Rb8 32. Bb3 h5 33. Qe2 Rb7 34. Bc4 Qb4 35. Bb3 Qd4 36. c3 Qb6 37. Bc2 Bxc2 38. Qxc2 Qxb2 39. Qh7+ Ke8 40. Qxh5+ Kf8 41. Qxg5 Qxc3 42. Qxf4+ Ke8 43. Qe4 Qf6 44. h3 Rb2 45. Rb1 Rxb1+ 46. Qxb1 1-0

[Event "42nd WALTON Women-ch Bangladesh 2024"]
[Site "Dhaka"]
[Date "2024.05.24"]
[Round "5.5"]
[White "Kazi Zarin, Tasnim"]
[Black "Ahmed, Walijah"]
[Result "1/2-1/2"]
[ECO "B48"]
[WhiteElo "1854"]
[BlackElo "1878"]
[Annotator "NA RC"]
[PlyCount "71"]
[EventDate "2024.05.20"]
[EventType "tourn"]
[EventCountry "BAN"]
[SourceTitle "playchess.com"]
[Source "ChessBase"]
[SourceQuality "1"]
[TimeControl "40/5400+30:1800+30"]

1. e4 c5 2. Nf3 e6 3. d4 cxd4 4. Nxd4 Nc6 5. Nc3 Qc7 6. Be3 a6 7. Qd2 Nf6 8. f4 {[%emt 0:00:33] B48: Sicilian: Taimanov: 5 Nc3 Qc7 6 Be3 a6 without Be2.} Bb4 9. Bd3 Na5 10. a3 Bxc3 11. Qxc3 Qxc3+ 12. bxc3 d5 13. exd5 exd5 14. Nb3 Nc4 15. Bd4 Ne4 16. Nc5 Nxc5 17. Bxc5 Bd7 18. Bxc4 dxc4 19. O-O-O O-O-O 20. Bb6 Rde8 21. Rd4 Re6 22. Rxc4+ Rc6 23. Rxc6+ bxc6 24. Bd4 Re8 25. Kd2 Be6 26. Re1 Rd8 27. Re5 g6 28. Ke3 Rd5 29. Rxd5 cxd5 30. Bc5 Kb7 31. Kd4 Kc6 32. Bb4 h5 33. Ke5 Kb5 34. Kd4 Kc6 $11 35. Ke5 Kb5 36. Kd4 1/2-1/2

[Event "42nd WALTON Women-ch Bangladesh 2024"]
[Site "Dhaka"]
[Date "2024.05.24"]
[Round "5.6"]
[White "Sultana, Sharmin Shirin"]
[Black "Noshin, Anjum"]
[Result "0-1"]
[ECO "E02"]
[WhiteElo "1927"]
[BlackElo "2025"]
[Annotator "RC"]
[PlyCount "90"]
[EventDate "2024.05.20"]
[EventType "tourn"]
[EventCountry "BAN"]
[SourceTitle "playchess.com"]
[Source "ChessBase"]
[SourceQuality "1"]
[TimeControl "40/5400+30:1800+30"]

1. d4 d5 2. Nf3 Nf6 3. c4 e6 4. g3 dxc4 5. Qa4+ Bd7 6. Qxc4 Bc6 7. Bg2 Nbd7 8. Nc3 Nb6 9. Qd3 Bb4 10. O-O O-O 11. Bg5 h6 12. Bxf6 Qxf6 13. e4 Rfd8 14. Rfd1 a6 15. Ne5 Be8 16. Qe3 c5 17. Ng4 Qe7 18. d5 Nc4 19. Qc1 Qg5 20. Ne3 Nxe3 21. Qxe3 Qxe3 22. fxe3 e5 23. a3 Bxc3 24. bxc3 Ba4 25. Rd2 Bb3 26. Rb1 c4 27. Rf1 Rd6 28. h4 b5 29. Rdf2 Ra7 30. Bh3 a5 31. Rc1 Kf8 32. Bf1 Ke7 33. Be2 Rf6 34. Rg2 Kd6 35. g4 Kc5 36. g5 Rd6 37. gxh6 gxh6 38. Bh5 b4 39. axb4+ axb4 40. Rg8 bxc3 41. Rc8+ Kb5 42. Rb8+ Rb6 43. Rxb6+ Kxb6 44. Rxc3 Ra1+ 45. Kf2 Kc5 0-1

[Event "42nd WALTON Women-ch Bangladesh 2024"]
[Site "Dhaka"]
[Date "2024.05.25"]
[Round "6.1"]
[White "Wadifa, Ahmed"]
[Black "Noshin, Anjum"]
[Result "1/2-1/2"]
[ECO "C44"]
[WhiteElo "1921"]
[BlackElo "2025"]
[Annotator "RC"]
[PlyCount "58"]
[EventDate "2024.05.20"]
[EventType "tourn"]
[EventCountry "BAN"]
[SourceTitle "playchess.com"]
[Source "ChessBase"]
[SourceQuality "1"]
[TimeControl "40/5400+30:1800+30"]

1. e4 e5 2. Nf3 Nc6 3. c3 d5 4. Qa4 f6 5. Bb5 Nge7 6. d3 a6 7. exd5 Qxd5 8. Bc4 b5 9. Bxd5 bxa4 10. Bc4 Na5 11. Nbd2 Nxc4 12. Nxc4 Bb7 13. Ke2 Ng6 14. Re1 O-O-O 15. Be3 Be7 16. Red1 Rd7 17. b3 axb3 18. axb3 Rhd8 19. Na5 e4 20. dxe4 Rxd1 21. Rxd1 Rxd1 22. Kxd1 Bxe4 23. Ne1 Nh4 24. g3 Nf5 25. Kd2 g5 26. Nd3 Nxe3 27. Kxe3 f5 28. f3 Bxd3 29. Kxd3 Kd7 1/2-1/2

[Event "42nd WALTON Women-ch Bangladesh 2024"]
[Site "Dhaka"]
[Date "2024.05.25"]
[Round "6.2"]
[White "Ahmed, Walijah"]
[Black "Sultana, Sharmin Shirin"]
[Result "0-1"]
[ECO "C77"]
[WhiteElo "1878"]
[BlackElo "1927"]
[Annotator "NA RC"]
[PlyCount "90"]
[EventDate "2024.05.20"]
[EventType "tourn"]
[EventCountry "BAN"]
[SourceTitle "playchess.com"]
[Source "ChessBase"]
[SourceQuality "1"]
[TimeControl "40/5400+30:1800+30"]

1. e4 e5 2. Nf3 Nc6 3. Bb5 a6 4. Ba4 Nf6 5. d3 b5 6. Bb3 Bc5 7. c3 {[%emt 0:01:57] is currently scoring better than 7.0-0.} Bb6 {[%emt 0:04:03] C77: Ruy Lopez: 3...a6 4 Ba4 Nf6, unusual lines.} 8. h3 d6 9. O-O O-O 10. Nbd2 h6 11. Re1 Re8 12. Nf1 Ne7 13. a4 Rb8 14. Ng3 Ng6 15. axb5 axb5 16. Qc2 $146 ({Predecessor:} 16. d4 c5 17. Bc2 cxd4 18. cxd4 Bb7 19. Be3 exd4 20. Bxd4 Rc8 21. Bd3 Bxd4 22. Nxd4 {½-½ Korobov,A (2658)-Praggnanandhaa,R (2738) FIDE Grand Swiss 2023 (10)}) 16... Nh7 17. d4 Ng5 18. Nxg5 hxg5 19. Qe2 Be6 ({Better is} 19... Nf4 $15 20. Qd1 (20. Qxb5 exd4 21. cxd4 Bd7 $17) 20... c5) 20. d5 Bd7 21. Bc2 (21. Be3 $11) 21... Nf4 22. Qf3 g6 23. Nf1 (23. Ne2 $15) 23... Kg7 24. Nh2 Rh8 25. Be3 Ra8 26. Bxb6 cxb6 27. Bd3 Bxh3 28. Bf1 Bd7 29. g3 Nh5 30. Ng4 Qc8 31. Ne3 Nf6 32. Nc2 (32. Bg2 $17 {was worth a try.}) 32... Rh6 33. Bg2 Bg4 34. Qe3 Rxa1 35. Rxa1 Bh3 36. Qf3 $2 (36. Bf3 $17) 36... b4 37. Nxb4 g4 38. Bxh3 Rxh3 39. Qg2 Nh7 40. Nc6 Ng5 41. Kf1 Qh8 42. Ke2 Rh2 43. Qg1 Nxe4 $19 44. Kd3 Rh1 45. Qg2 Nc5+ 0-1

[Event "42nd WALTON Women-ch Bangladesh 2024"]
[Site "Dhaka"]
[Date "2024.05.25"]
[Round "6.3"]
[White "Israt, Jahan Diba"]
[Black "Kazi Zarin, Tasnim"]
[Result "0-1"]
[ECO "C54"]
[WhiteElo "1904"]
[BlackElo "1854"]
[Annotator "RC"]
[PlyCount "108"]
[EventDate "2024.05.20"]
[EventType "tourn"]
[EventCountry "BAN"]
[SourceTitle "playchess.com"]
[Source "ChessBase"]
[SourceQuality "1"]
[TimeControl "40/5400+30:1800+30"]

1. e4 e5 2. Nf3 Nc6 3. Bc4 Bc5 4. c3 Nf6 5. d4 exd4 6. e5 d5 7. Bb5 Ne4 8. cxd4 Bb6 9. Nc3 O-O 10. a4 a5 11. Be3 Ne7 12. Bd3 f5 13. exf6 Nxf6 14. Ne5 Nf5 15. O-O Nxe3 16. fxe3 c6 17. Qc2 Bc7 18. h3 Qe7 19. e4 Bxe5 20. dxe5 Nxe4 21. Nxe4 dxe4 22. Bxe4 Rxf1+ 23. Rxf1 h6 24. Qc3 Be6 25. Rf3 Qb4 26. Qe3 Qxb2 27. Rg3 Kh8 28. Qc5 Qb4 29. Qd6 Qxd6 30. exd6 Rd8 31. Rd3 g5 32. Rc3 Rxd6 33. Rc5 Rd1+ 34. Kf2 Bd5 35. Bxd5 Rxd5 36. Rxd5 cxd5 37. Ke3 Kg7 38. Kd4 Kf6 39. Kxd5 Kf5 40. g3 g4 41. h4 h5 42. Kd4 Ke6 43. Ke4 Kd6 44. Kd4 Kc6 45. Kc4 b6 46. Kb3 Kd5 47. Kc3 Kc5 48. Kb3 Kd4 49. Kb2 Kc4 50. Ka3 Kc3 51. Ka2 Kb4 52. Kb2 Kxa4 53. Ka2 Kb4 54. Kb2 Kc4 0-1

[Event "42nd WALTON Women-ch Bangladesh 2024"]
[Site "Dhaka"]
[Date "2024.05.25"]
[Round "6.4"]
[White "Nusrat Jahan, Alo"]
[Black "Neelava, Choudhury"]
[Result "1-0"]
[ECO "C54"]
[WhiteElo "1850"]
[BlackElo "1778"]
[Annotator "NA RC"]
[PlyCount "94"]
[EventDate "2024.05.20"]
[EventType "tourn"]
[EventCountry "BAN"]
[SourceTitle "playchess.com"]
[Source "ChessBase"]
[SourceQuality "1"]
[TimeControl "40/5400+30:1800+30"]

1. e4 e5 2. Nf3 Nc6 3. Bc4 Bc5 4. c3 Nf6 5. d4 exd4 6. e5 d5 7. Bb5 Ne4 8. cxd4 Bb4+ 9. Bd2 Nxd2 10. Nbxd2 O-O 11. O-O Bg4 {[%emt 0:05:26] C54: Giuoco Piano: 4 c3 Nf6, main lines with 5 d4 and 5 d3.} 12. h3 Bh5 13. Bxc6 bxc6 14. Qc2 Rb8 15. a3 Bxd2 16. Nxd2 Qh4 17. Qc3 Rfe8 18. Rfe1 Re6 19. Nb3 Rg6 {[%emt 0:09:51] [#]} (19... f5 $1 $14) 20. Re3 $1 f5 21. Rg3 f4 22. Rxg6 hxg6 23. f3 Qg3 24. Rf1 g5 25. Nc5 Bg6 26. b4 $2 (26. Nd7 $18 {is more deadly.} Rb5 27. a4 (27. Qxc6 {is a self mate.} Rxb2 28. Nf6+ gxf6 29. Qxd5+ Kh7 30. Qd7+ Kh6)) 26... Bf5 27. Qe1 Qxe1 28. Rxe1 Kf7 29. Rc1 Rb6 30. Rc3 Ke7 31. Kf2 Rb8 32. Nb3 Rb6 33. g4 Bd7 34. Rc1 Rb8 35. Re1 Rh8 36. Kg2 Kf7 37. Rc1 Rb8 38. Nc5 Ke7 39. e6 Be8 40. Re1 Rd8 41. Re5 Kf6 42. Rf5+ Kg6 43. e7 Rc8 44. Rf8 Ra8 $18 45. Ne6 Rc8 46. Nd8 Bd7 47. e8=Q+ Bxe8 1-0

[Event "42nd WALTON Women-ch Bangladesh 2024"]
[Site "Dhaka"]
[Date "2024.05.25"]
[Round "6.5"]
[White "Jannatul, Ferdous"]
[Black "Hamid, Rani"]
[Result "0-1"]
[ECO "A47"]
[WhiteElo "1990"]
[BlackElo "1863"]
[Annotator "RC"]
[PlyCount "108"]
[EventDate "2024.05.20"]
[EventType "tourn"]
[EventCountry "BAN"]
[SourceTitle "playchess.com"]
[Source "ChessBase"]
[SourceQuality "1"]
[TimeControl "40/5400+30:1800+30"]

1. d4 Nf6 2. e3 e6 3. Bd3 c5 4. c3 b6 5. Nd2 Bb7 6. Ngf3 Be7 7. O-O O-O 8. e4 d5 9. e5 Ne4 10. Qe2 Nxd2 11. Bxd2 Nc6 12. a3 Rc8 13. Rad1 Na5 14. Bc1 cxd4 15. cxd4 Nc4 16. Ne1 g6 17. f4 Bc6 18. Nf3 Ba4 19. Rde1 Bb3 20. g4 Bh4 21. Nxh4 Qxh4 22. g5 Kg7 23. Kh1 Na5 24. Qg2 Bc4 25. Re3 Bxd3 26. Rxd3 h5 27. gxh6+ Kh7 28. Rh3 Qe7 29. Bd2 Nc6 30. Be3 Qd8 31. f5 exf5 32. Rxf5 Ne7 33. Rf1 Qd7 34. Rhf3 Ng8 35. Qf2 Rc7 36. Qh4 Qe6 37. Qg5 Rc2 38. Bd2 a5 39. b4 Rc4 40. Rf4 Rc2 41. R4f3 Rc4 42. Rf4 Rc2 43. R1f2 axb4 44. axb4 f5 45. exf6 Rxd2 46. f7 Nxh6 47. Rxd2 Qe1+ 48. Qg1 Qxd2 49. Rf6 Qd3 50. Qf2 Qd1+ 51. Kg2 Qg4+ 52. Kf1 Qg5 53. Qf3 Kg7 54. h4 Qxf6 0-1

[Event "42nd WALTON Women-ch Bangladesh 2024"]
[Site "Dhaka"]
[Date "2024.05.25"]
[Round "6.6"]
[White "Warsia, Khusbu"]
[Black "Tabassum Sadia, Shahjahan"]
[Result "1-0"]
[ECO "B15"]
[WhiteElo "1905"]
[BlackElo "1567"]
[Annotator "RC"]
[PlyCount "55"]
[EventDate "2024.05.20"]
[EventType "tourn"]
[EventCountry "BAN"]
[SourceTitle "playchess.com"]
[Source "ChessBase"]
[SourceQuality "1"]
[TimeControl "40/5400+30:1800+30"]

1. e4 c6 2. d4 d5 3. Nc3 dxe4 4. Nxe4 Nf6 5. Nxf6+ exf6 6. c3 Bd6 7. Bd3 O-O 8. Qc2 Re8+ 9. Ne2 h5 10. Be3 h4 11. h3 Nd7 12. O-O-O Nf8 13. Kb1 Be6 14. Nf4 Bd7 15. c4 Qc7 16. Ne2 c5 17. Rhg1 Rab8 18. dxc5 Bxc5 19. Bf4 Qc6 20. Bxb8 Rxb8 21. Be4 Qb6 22. Nc3 Bxf2 23. Nd5 Qe6 24. Rgf1 Bg3 25. Bf5 Qe5 26. Nxf6+ gxf6 27. Bxd7 Nxd7 28. Rxd7 1-0

[Event "42nd WALTON Women-ch Bangladesh 2024"]
[Site "Dhaka"]
[Date "2024.05.26"]
[Round "7.1"]
[White "Tabassum Sadia, Shahjahan"]
[Black "Wadifa, Ahmed"]
[Result "1/2-1/2"]
[ECO "D27"]
[WhiteElo "1567"]
[BlackElo "1921"]
[Annotator "RC"]
[PlyCount "221"]
[EventDate "2024.05.20"]
[EventType "tourn"]
[EventCountry "BAN"]
[SourceTitle "playchess.com"]
[Source "ChessBase"]
[SourceQuality "1"]
[TimeControl "40/5400+30:1800+30"]

1. d4 d5 2. c4 dxc4 3. e3 Nf6 4. Bxc4 e6 5. Nc3 a6 6. Nf3 c5 7. O-O Nc6 8. Qa4 Bd7 9. Qd1 b5 10. Bb3 Bc8 11. d5 exd5 12. Bxd5 Nxd5 13. Qxd5 Qxd5 14. Nxd5 Ra7 15. b3 Bd6 16. Rd1 O-O 17. Nf6+ gxf6 18. Rxd6 Rd8 19. Rxd8+ Nxd8 20. Bb2 Kg7 21. Rd1 Rd7 22. Rxd7 Bxd7 23. Nd2 Bc6 24. f4 h5 25. h3 Nb7 26. g4 hxg4 27. hxg4 Kg6 28. e4 Nd6 29. e5 Ne8 30. exf6 Nxf6 31. Bxf6 Kxf6 32. Kf2 Bd5 33. Ke3 Ke7 34. Kd3 Kd7 35. Kc3 Kc6 36. a3 Kd6 37. b4 c4 38. Kd4 Bg2 39. Nb1 Bf3 40. g5 Ke6 41. Ke3 Bc6 42. Nc3 Kf5 43. Ne2 Kg4 44. Nc3 Kg3 45. Ne2+ Kg4 46. Nc3 Bd7 47. Nd5 Bf5 48. Nc3 Bc2 49. Nd5 Ba4 50. Ke4 Bc2+ 51. Ke3 Bg6 52. Nc3 Kg3 53. a4 bxa4 54. Nxa4 Bf5 55. Nc3 Bd7 56. Ne4+ Kh4 57. Kd4 Bf5 58. Nc3 Kg4 59. Ke3 Bd7 60. Ne4 Bb5 61. Nc3 Kf5 62. Nd5 Ke6 63. Nc3 Kd6 64. Kd4 Ke6 65. Ke4 Bc6+ 66. Kd4 Kf5 67. Ke3 Bg2 68. Ne2 Ke6 69. Kd4 Bf1 70. Nc3 Bd3 71. Ke3 Kd6 72. Kd4 Bf1 73. Ne4+ Ke6 74. Nc3 Bd3 75. Na4 Kf5 76. Ke3 Bf1 77. Nc3 Bd3 78. Na4 Bf1 79. Nc3 Bg2 80. Ne2 Ke6 81. Kd4 Kd6 82. f5 Bf1 83. Nc3 Bd3 84. Ne4+ Ke7 85. g6 fxg6 86. fxg6 Kf8 87. Nc5 Bxg6 88. Kxc4 Bh5 89. Kd5 Be2 90. Kc6 Ke7 91. Kb6 Kd8 92. Nxa6 Kc8 93. Nc5 Kb8 94. Nd7+ Ka8 95. Kc5 Kb7 96. Ne5 Ba6 97. Nc4 Bxc4 98. Kxc4 Kc6 99. b5+ Kb6 100. Kb4 Kb7 101. Kc5 Kc7 102. Kb4 Kb6 103. Kc4 Kb7 104. Kc5 Kc7 105. b6+ Kb7 106. Kb5 Kb8 107. Kc6 Ka8 108. Kb5 Kb7 109. Ka5 Kb8 110. Ka6 Ka8 111. Kb5 1/2-1/2

[Event "42nd WALTON Women-ch Bangladesh 2024"]
[Site "Dhaka"]
[Date "2024.05.26"]
[Round "7.2"]
[White "Hamid, Rani"]
[Black "Warsia, Khusbu"]
[Result "1-0"]
[ECO "C42"]
[WhiteElo "1863"]
[BlackElo "1905"]
[Annotator "RC"]
[PlyCount "89"]
[EventDate "2024.05.20"]
[EventType "tourn"]
[EventCountry "BAN"]
[SourceTitle "playchess.com"]
[Source "ChessBase"]
[SourceQuality "1"]
[TimeControl "40/5400+30:1800+30"]

1. e4 e5 2. Nf3 Nf6 3. Nxe5 d6 4. Nf3 Nxe4 5. Nc3 Nxc3 6. dxc3 Be7 7. Be3 O-O 8. Qd2 Be6 9. O-O-O Nc6 10. Kb1 Ne5 11. Nd4 c5 12. Nxe6 fxe6 13. Be2 d5 14. f4 Nc6 15. g4 Qd6 16. g5 Rad8 17. Rhf1 a6 18. h4 b5 19. h5 d4 20. Bg1 e5 21. f5 Qd7 22. Bd3 dxc3 23. Qxc3 Nd4 24. f6 gxf6 25. gxf6 Rxf6 26. Rxf6 Bxf6 27. Qxc5 Rc8 28. Qb4 Bg5 29. Qe1 Nf3 30. Qg3 Qc6 31. Be3 h6 32. c3 Qf6 33. Be4 Kh8 34. Rd7 Rf8 35. b3 Qe6 36. Rh7+ Kg8 37. Rb7 Kh8 38. Kb2 Qd6 39. Bxf3 Qf6 40. Be4 Qf1 41. Qxe5+ Qf6 42. Rh7+ Kg8 43. Qd5+ Rf7 44. Bd4 Qf4 45. Rh8# 1-0

[Event "42nd WALTON Women-ch Bangladesh 2024"]
[Site "Dhaka"]
[Date "2024.05.26"]
[Round "7.3"]
[White "Neelava, Choudhury"]
[Black "Jannatul, Ferdous"]
[Result "1/2-1/2"]
[ECO "B16"]
[WhiteElo "1778"]
[BlackElo "1990"]
[Annotator "NA RC"]
[PlyCount "118"]
[EventDate "2024.05.20"]
[EventType "tourn"]
[EventCountry "BAN"]
[SourceTitle "playchess.com"]
[Source "ChessBase"]
[SourceQuality "1"]
[TimeControl "40/5400+30:1800+30"]

1. e4 c6 2. d4 d5 3. Nc3 dxe4 4. Nxe4 Nf6 5. Nxf6+ gxf6 6. c3 Qd5 7. c4 {[%emt 0:00:53] B16: Caro-Kann: Bronstein-Larsen Variation.} Qe4+ 8. Ne2 Na6 9. Be3 ({White should play} 9. a3 $16) 9... Nb4 10. Ng3 $1 Qg6 (10... Nc2+ $11 11. Kd2 Nxe3 12. fxe3 Qh4) 11. Rc1 (11. Kd2 $1 $14) 11... Nxa2 12. Bd3 f5 $1 13. Ra1 Nb4 14. Bb1 e6 (14... h5 $1 $11) 15. Qb3 (15. O-O $14) 15... h5 $1 16. Rg1 (16. Ne2 $11) 16... Na6 (16... a5 $17 17. Bd2 h4) 17. d5 (17. Ne2 $11 {feels stronger.}) 17... e5 (17... Rg8 $17) 18. dxc6 bxc6 19. Nxf5 $1 Bxf5 20. Bxf5 (20. Rxa6 $2 {loses.} Bxb1 21. Qc3 Bg7 $19) 20... Qxf5 21. Rxa6 Bb4+ $2 22. Ke2 c5 23. Bxc5 Bxc5 24. Qb5+ Qd7 25. Qxc5 Qg4+ 26. f3 Qf5 27. Qc6+ Ke7 28. Qb7+ Qd7 29. Qxd7+ Kxd7 30. Rga1 Rhb8 31. Rxa7+ Rxa7 32. Rxa7+ Kd6 (32... Ke6 {was worth a try.}) 33. Ra2 Kc5 (33... h4 $142 34. Kd3 Rb3+ 35. Kc2 Re3 36. Ra6+ Kd7 37. Ra7+ Ke6) 34. Kd3 Rb3+ 35. Kc2 Re3 36. Kd2 Rb3 {[%emt 0:00:02] [#]} 37. Ra5+ $1 Kxc4 38. Rxe5 Rxb2+ 39. Ke3 Rxg2 (39... h4 $142 40. g4 Rxh2) 40. Rxh5 f6 41. h4 Rh2 42. Kf4 Kd4 43. Kg3 (43. Rh8 $142 Kc5 44. Kf5) 43... Rh1 44. Rf5 Rg1+ 45. Kf4 Rg6 46. Rh5 $18 Rg1 47. Rh6 Rh1 48. h5 Rh4+ 49. Kf5 Ke3 50. Kxf6 Kxf3 51. Kg5 Rg4+ 52. Kf6 Rf4+ 53. Kg6 Rg4+ 54. Kf7 Kf4 55. Rf6+ Kg5 56. h6 Ra4 57. Kg7 Ra7+ 58. Rf7 Rxf7+ 59. Kxf7 Kxh6 1/2-1/2

[Event "42nd WALTON Women-ch Bangladesh 2024"]
[Site "Dhaka"]
[Date "2024.05.26"]
[Round "7.4"]
[White "Kazi Zarin, Tasnim"]
[Black "Nusrat Jahan, Alo"]
[Result "0-1"]
[ECO "B10"]
[WhiteElo "1854"]
[BlackElo "1850"]
[Annotator "NA RC"]
[PlyCount "135"]
[EventDate "2024.05.20"]
[EventType "tourn"]
[EventCountry "BAN"]
[SourceTitle "playchess.com"]
[Source "ChessBase"]
[SourceQuality "1"]
[TimeControl "40/5400+30:1800+30"]

1. e4 c6 2. Nf3 d5 3. exd5 cxd5 4. Ne5 Nf6 5. d4 a6 6. c3 {[%emt 0:07:54] B10: Caro-Kann: 2 d3 and 2 c4.} Nc6 7. Bd3 g6 8. O-O Bg7 9. Nxc6 bxc6 10. Nd2 O-O 11. Re1 Qc7 12. Nb3 Ng4 13. f4 Bf5 14. Nc5 a5 $1 15. h3 Nf6 $1 16. Qf3 Bxd3 17. Qxd3 e6 18. Bd2 Nd7 19. Nxd7 Qxd7 20. Qf3 Qd6 21. Be3 a4 22. h4 Qe7 23. Bf2 Qb7 24. Re2 Rab8 25. h5 Qa6 26. g4 c5 27. Kg2 Qc4 28. dxc5 a3 29. b3 Qxc3 30. Qxc3 Bxc3 31. Rc1 d4 (31... Bb2 $14 32. Rcc2 Rfc8) 32. Rxc3 dxc3 33. Bd4 Rb5 34. Bxc3 Rd8 35. b4 gxh5 36. gxh5 Kf8 37. Rd2 Rxd2+ 38. Bxd2 Ke7 39. Kf3 f5 40. Ke3 Kd7 41. Kd4 Kc6 42. Kc4 Rb8 43. Bc3 Rb7 $18 44. Be5 Rb5 45. Bd4 Rb8 46. Bc3 Rb7 47. h6 Rb8 48. Bd2 Rb7 49. Bc1 Rd7 50. b5+ Kc7 51. Bxa3 Rd2 52. Kb3 Rd3+ 53. Kb2 Rd4 54. Kc2 Rxf4 55. Kc3 Rf3+ 56. Kb4 Rxa3 57. Kxa3 f4 58. Kb4 f3 59. c6 f2 60. Kc5 f1=Q 61. b6+ Kc8 62. Kd6 Qf4+ 63. Kxe6 Qxh6+ 64. Kd5 Qd2+ 65. Kc5 Qxa2 66. Kd6 Qa3+ 67. Kd5 Qa5+ 68. Kd4 0-1